 Dungeon Crawl Stone Soup version 0.28.0-53-g5a82cb258f (webtiles) character file.

Game seed: 6583303628884403828

52 Faeu the Firebug (level 3, -4/28 HPs)
             Began as a Hill Orc Fire Elementalist on May 25, 2022.
             Slain by a sky beast (6 damage)
             ... on level 3 of the Dungeon.
             The game lasted 00:07:44 (1480 turns).

Faeu the Firebug (Hill Orc Fire Elementalist)       Turns: 1480, Time: 00:07:44

Health: -4/28      AC:  2    Str: 10    XL:     3   Next: 85%
Magic:  3/5        EV: 12    Int: 17    God:
Gold:   54         SH:  0    Dex: 11    Spells: 4/5 levels left

rFire   . . .      SeeInvis .   f - +0 hand axe {axe}
rCold   . . .      Faith    .   (no shield)
rNeg    . . .      Spirit   .   a - +0 robe
rPois   .          Reflect  .   (no helmet)
rElec   .          Harm     .   (no cloak)
rCorr   .          Rampage  .   (no gloves)
Will    .....                   (no boots)
Stlth   ++........              (no amulet)
HPRegen 0.09/turn               (no ring)
MPRegen 0.09/turn               (no ring)

@: no status effects
A: no striking features
a: no special abilities


You were on level 3 of the Dungeon.
You visited 1 branch of the dungeon, and saw 3 of its levels.

You collected 54 gold pieces.


   Skills:
 + Level 1.5 Fighting
 + Level 1.7 Axes
 - Level 1.5 Dodging
 + Level 2.1 Stealth
 - Level 1.5 Spellcasting
 + Level 1.7 Conjurations
 + Level 3.7 Fire Magic


You had 4 spell levels left.
You knew the following spells:

 Your Spells              Type           Power      Damage    Failure   Level
a - Foxfire               Conj/Fire      40%        2x1d6     7%          1

Your spell library contained the following spells:

 Spells                   Type           Power      Damage    Failure   Level
 Scorch                   Fire           26%        2d6       7%          2
 Conjure Flame            Conj/Fire      10%        6-21      21%         3
 Inner Flame              Hex/Fire       7%         N/A       28%         3
 Flame Wave               Conj/Fire      10%        2d5       54%         4

Inventory:

Hand Weapons
 b - a +0 dagger {short}
   (You took it off a kobold on level 1 of the Dungeon)
 d - a +0 club {mace}
   (You took it off a goblin on level 1 of the Dungeon)
 f - a +0 hand axe (weapon) {axe}
   (You found it on level 1 of the Dungeon)
Missiles
 c - 14 stones {throwing}
 g - 23 bolts
 h - 3 boomerangs {throwing}
Armour
 a - a +0 robe (worn)
 o - the +1 ring mail of New Discoveries {+Inv rN+}
   (You found it on level 2 of the Dungeon)

   rN:        It protects you from negative energy.
   +Inv:      It lets you turn invisible.
Scrolls
 e - a scroll of teleportation {unknown}
 i - a scroll of magic mapping {unknown}
 l - a scroll of vulnerability {unknown}
Potions
 j - a potion of lignification {unknown}
 k - a potion of might {unknown}
 m - 2 potions of curing {unknown}
 n - a potion of brilliance {unknown}

Dungeon Overview and Level Annotations

Branches:
Dungeon (2/15)

Altars:

Shops:
D:3

?
#.........####...#
##.......## #
##.....## ##...##
##'## #.#######
#........
##{.###### ##.@.##
#..)..# ##...##
#....# ###.## #.#
#.# #.. #...


There were no monsters in sight!


Message History

Magic restored.
o - the +1 ring mail of New Discoveries {+Inv rN+} No target in view! 😎 HP[+1] MP[+3]
Your mp is fully restored (5).
A sourceless malevolence fills the Dungeon...
You fall into a shaft and drop 1 floor!
The shaft crumbles and collapses.
An adder comes into view.
The adder hisses angrily.
The adder bites you. 😕 HP[-2]
You take 2 damage, and now have 26/28 hp.
An adder is nearby!
You closely miss the adder. The adder closely misses you.
An adder is nearby!
You miss the adder. The adder barely misses you. The adder misses you.
You conjure some foxfire!
The adder bites you. 😕 HP[-2] MP[-1]
You take 2 damage, and now have 24/28 hp.
You lost 1 mp, and now have 4/5 mp.
You conjure some foxfire!
The foxfire hits the adder.
The foxfire hits the adder but does no damage.
The adder closely misses you. x2 😕 MP[-1]
You lost 1 mp, and now have 3/5 mp.
You conjure some foxfire!
The foxfire hits the adder.
The adder closely misses you. 😕 HP[+1] MP[-1]
You lost 1 mp, and now have 2/5 mp.
The foxfire hits the adder.
You kill the adder! 😕 MP[+1]
You open the door.
A kobold comes into view. It is wielding a +0 dagger.
You closely miss the kobold.
The kobold shouts!
The kobold hits you but does no damage. 😕 HP[+1]
You hit the kobold but do no damage. Your punch misses the kobold.
The kobold hits you with a +0 dagger. 😕 HP[-1]
You take 1 damage, and now have 25/28 hp.
You hit the kobold.
You kill the kobold!
There is an open door here.
Things that are here:
a +0 dagger {short}; a kobold corpse Magic restored.
HP restored.
You open the door.
There is an open door here.
A sky beast comes into view. 😎 HP[+3] MP[+2]
Your mp is fully restored (5).
There is an open door here.
You open the door.
There is an open door here.
You see here a +0 flail {mace}.
Found Ockepp's Magic Scroll Shop.
You see here a +0 flail {mace}.
There is an open door here.
You conjure some foxfire! 😎 MP[-1]
You lost 1 mp, and now have 4/5 mp.
The foxfire hits the sky beast.
There is an open door here.
You conjure some foxfire! 😎 MP[-1]
You lost 1 mp, and now have 3/5 mp.
The foxfire hits the sky beast. x2
You conjure some foxfire!
The sky beast hits you.
The sky beast shocks you. 😮 HP[-10] MP[-1]
You take 10 damage, and now have 18/28 hp.
MASSIVE DAMAGE!! (PAUSE)
You lost 1 mp, and now have 2/5 mp.
The foxfire hits the sky beast.
The foxfire hits the sky beast but does no damage.
You are too injured to fight recklessly!
You are too injured to fight recklessly!
You closely miss the sky beast. The sky beast closely misses you.
You barely miss the sky beast. The sky beast hits you.
The sky beast shocks you.
* * * LOW HITPOINT WARNING * * *
😨 HP[-5] MP[+1]
You take 5 damage, and now have 13/28 hp.
You miss the sky beast. The sky beast hits you.
* * * LOW HITPOINT WARNING * * *
The sky beast shocks you.
* * * LOW HITPOINT WARNING * * *
😱 HP[-8]
You take 8 damage, and now have 5/28 hp.
MASSIVE DAMAGE!! (PAUSE)
You hit the sky beast. The sky beast barely misses you.
The sky beast flickers out of sight!
Deactivating autopickup; reactivate with Ctrl-A.
Something hits you.
* * * LOW HITPOINT WARNING * * *
Something shocks you.
You die...

Skill      XL: |  1  2 |
---------------+-------+-----
Axes           | 1 |  1.7
Fighting       | 1 |  1.5
Stealth        | 2 |  2.1
Dodging        | |  1.5
Spellcasting   | |  1.5
Conjurations   | |  1.7
Fire Magic     | |  3.7

Action                   || total
-------------------------++-------
Melee: Unarmed           ||     5
       Hand axe          ||    27
 Cast: Foxfire           ||    36
 Stab: Sleeping          ||     1
Armor: Robe              ||    12
Dodge: Dodged            ||    28

Levels and vault maps discovered:
D:1:      kennysheep_arrival_forest, layout_basic, kennysheep_decorative_pillar
D:2:      layout_rooms, hellmonk_ecumenical_altar_zigzags, chequers_mini_garden,
          dk_vineyard_3, uniq_crazy_yiuf_cottage, uniq_terence
D:3:      layout_loops_corners, serial_shops, nicolae_shop_behind_doors,
          nicolae_shop_statue_plus, shop, nicolae_lakefront_shop,
          ebering_ghost_rock_garden, kennysheep_generic_room_12, uniq_grinder,
          uniq_natasha, uniq_jessica

Notes
Turn   | Place    | Note
-------+----------+-------------------------------------------
     0 | D:1      | Faeu the Hill Orc Fire Elementalist began the quest for the
                  | Orb.
     0 | D:1      | Reached XP level 1. HP: 14/14 MP: 3/3
     0 | D:1      | magus.rc [v1.9.6]
   415 | D:1      | Reached XP level 2. HP: 22/22 MP: 1/4
   564 | D:1      | Reached skill level 1 in Axes
   602 | D:1      | Reached skill level 1 in Fighting
  1305 | D:2      | Reached skill level 2 in Stealth
  1305 | D:2      | Reached XP level 3. HP: 26/28 MP: 0/5
  1369 | D:2      | Identified the +1 ring mail of New Discoveries {+Inv rN+}
  1373 | D:2      | You fall into a shaft and drop 1 floor!
  1433 | D:3      | Noticed a sky beast
  1457 | D:3      | Found Ockepp's Magic Scroll Shop.
  1479 | D:3      | HP: 5/28 [sky beast (6)]
  1480 | D:3      | HP: 2/28 [something (3)]
  1480 | D:3      | Slain by a sky beast

Vanquished Creatures
  3 adders
  5 ball pythons (D:1)
  A giant cockroach (D:1)
  3 goblins (D:1)
  4 hobgoblins
  2 quokkas (D:1)
  2 bats
  4 kobolds
  2 rats
26 creatures vanquished.

Vanquished Creatures (others)
  58 foxfires
58 creatures vanquished.

Grand Total: 84 creatures vanquished

Table legend:
 A = Non-vault XP
 B = Vault XP
 C = Vault XP percentage of total XP
 D = Non-vault monster count
 E = Vault monster count
 F = Vault count percentage of total count
                 A         B        C        D         E       F
            +---------+---------+-------+---------+---------+-------
      Total |      75 |       0 |   0.0 |      26 |       0 |   0.0
            +---------+---------+-------+---------+---------+-------
        D:1 |      30 |       0 |   0.0 |      19 |       0 |   0.0
        D:2 |      30 |       0 |   0.0 |       5 |       0 |   0.0
        D:3 |      15 |       0 |   0.0 |       2 |       0 |   0.0
            +---------+---------+-------+---------+---------+-------

Illustrated notes

Table legend:
 A = Kills in this place as a percentage of kills in entire the game.
 B = Kills by you in this place as a percentage of kills by you in the entire game.
 C = Kills by friends in this place as a percentage of kills by friends in the entire game.
 D = Other kills in this place as a percentage of other kills in the entire game.
 E = Experience gained in this place as a percentage of experience gained in the entire game.
 F = Experience gained in this place divided by the number of levels of this place that you have seen.
                   A       B       C       D       E      F
               +-------+-------+-------+-------+-------+----------------------
         Total | 100.0 | 100.0 |   N/A |   N/A | 100.0 |  25.0
       Dungeon | 100.0 | 100.0 |   N/A |   N/A | 100.0 |  25.0
               +-------+-------+-------+-------+-------+----------------------

Table legend: (Time is in decaauts)
 A = Elapsed time spent in this place.
 B = Non-inter-level travel time spent in this place.
 C = Inter-level travel time spent in this place.
 D = Time resting spent in this place.
 E = Time spent auto-exploring this place.
 F = Levels seen in this place.
 G = Mean time per level.
                   A        B        C        D        E       F      G
               +--------+--------+--------+--------+--------+-----+--------+
         Total |   1485 |   1465 |     20 |      0 |   1009 |   3 |  495.0 |
       Dungeon |   1485 |   1465 |     20 |      0 |   1009 |   3 |  495.0 |
               +--------+--------+--------+--------+--------+-----+--------+

Top non-repeatable levels by time:
     D:1: 1272 daAuts
     D:3: 108 daAuts
     D:2: 104 daAuts
